 Dungeon Crawl Stone Soup version 0.28-a0-1213-g0243856f03 (webtiles) character file.

Game seed: 16667663458720276092

156 ytrimaz the Insei (level 5, -2/34 HPs)
             Began as an Octopode Transmuter on Dec 21, 2021.
             Slain by Grinder (9 damage)
             ... while paralysed by Grinder
             ... on level 3 of the Dungeon.
             The game lasted 00:03:30 (4228 turns).

ytrimaz the Insei (Octopode Transmuter)             Turns: 4228, Time: 00:03:31

Health: -2/34      AC:  2    Str: 10    XL:     5   Next: 38%
Magic:  4/9        EV:  5    Int: 23    God:
Gold:   145        SH:  0    Dex: 17    Spells: 3/9 levels left

rFire   . . .      SeeInvis .     - Unarmed
rCold   . . .      Faith    .   (shield currently unavailable)
rNeg    . . .      Spirit   .   (helmet currently unavailable)
rPois   x          Reflect  .   (no amulet)
rElec   .          Harm     .   d - +6 ring of intelligence
rCorr   .          Rampage  .   (no ring)
Will    .....                   (no ring)
Stlth   ++........              (no ring)
HPRegen 0.11/turn               (no ring)
MPRegen 0.11/turn               (no ring)
                                (no ring)
                                (no ring)

@: paralysed, spider-form (expiring), hasted
A: venomous fangs, almost no armour, (amphibious), 8 rings, tiny, (camouflage
1), (gelatinous body 1), (nimble swimmer 1), (tentacles)
a: End Transformation


You were on level 3 of the Dungeon.
You were a venomous arachnid creature.
You visited 1 branch of the dungeon, and saw 3 of its levels.

You collected 145 gold pieces.

Inventory:

Missiles
 i - a throwing net
Jewellery
 d - a +6 ring of intelligence (left front leg)
Potions
 j - a potion of brilliance


   Skills:
 * Level 2.2 Fighting
 * Level 2.9 Dodging
 + Level 3.8 Unarmed Combat
 * Level 2.7 Spellcasting
 * Level 2.9 Transmutations
 + Level 0.2 Poison Magic


You had 3 spell levels left.
You knew the following spells:

 Your Spells              Type           Power      Damage    Failure   Level
a - Beastly Appendage     Tmut           32%        N/A       12%         1
b - Wereblood             Tmut           16%        N/A       16%         2
c - Spider Form           Tmut/Pois      10%        N/A       38%         3

Your spell library contained the following spells:

 Spells                   Type           Power      Damage    Failure   Level
 Magic Dart               Conj           12%        1d3       28%         1
 Call Imp                 Summ           3%         N/A       38%         2
 Mephitic Cloud           Conj/Pois/Air  3%         N/A       56%         3
 Ice Form                 Ice/Tmut       9%         N/A       75%         4


Dungeon Overview and Level Annotations

Branches:
Dungeon (3/15)

Altars:
The Shining One

Annotations:
D:3 Grinder


Innate Abilities, Weirdness & Mutations

You are a venomous arachnid creature.
You have poisonous fangs.
You are tiny and dextrous.
Your spellcasting is less reliable in this form.
Your armour is entirely melded.
You are incapable of wielding weapons or throwing items.
You cannot wear most types of armour.
((You are amphibious.))
You can wear up to eight rings at the same time.
((Your skin changes colour to match your surroundings (Stealth+).))
((Your rubbery body absorbs attacks. (AC +1, EV +1)))
((You are camouflaged when in or above water. (Stealth+)))
((You have tentacles for arms and can constrict up to eight enemies at once.))


Message History

Casting: Spider Form (quite dangerous; 19% risk of failure)
Confirm with . or Enter, or press ? or * to list all spells.
The spell is quite dangerous to miscast (19% risk of failure)!
Continue anyway?
You turn into a venomous arachnid creature.
Unknown command.
Casting: Spider Form (quite dangerous; 38% risk of failure)
Confirm with . or Enter, or press ? or * to list all spells.
The spell is quite dangerous to miscast (38% risk of failure)!
Continue anyway?
You fail to extend your transformation any further.
Grinder gestures at you. You resist with significant effort.
Unknown command.
Grinder hits you!
You writhe in agony.
You bite Grinder!
Grinder is moderately wounded.
Grinder hits you.
You hit Grinder.
Grinder is moderately wounded.
You barely miss Grinder.
Grinder is moderately wounded.
Grinder says, "Wait up."
Grinder gestures at you. Pain shoots through your body!
You barely miss Grinder.
Grinder is moderately wounded.
Grinder gestures at you. Pain shoots through your body!
* * * LOW HITPOINT WARNING * * *
You barely miss Grinder.
Grinder is moderately wounded.
Your transformation is almost over.
Grinder says, "Mostly I couldn't keep them alive."
Grinder completely misses you.
Unknown command.
You feel yourself speed up.
Grinder blinks!
Unknown command.
Grinder gestures at you.
You suddenly lose the ability to move!
Grinder hits you!
You die...

......####'....# *,,,* ******
.####........#.# #...# ##
#........#)# *...# #........#.#
*...# # ###........#.#
*,..######*** # #..........#.#
*,........,,, #
#.#........#.######*#....#*****
###.#........#......###....#
....#...........s5..'....5.#
#####...............###.#+## #
#..............(..###.#,* #
#.#...............#<#.#.##### #
#.#(......>.......#.#.#.....# #
#.#########.......#.#.#..##.# #
#.###### #.......#.#.#.,*#.# #
#...)..# #.......#.#.#,,*#.# #
######.# #.>.....#.#.#,,*#.#


You could see Grinder.

Vanquished Creatures
  An iguana (D:3)
  5 adders
  3 gnolls (D:2)
  3 dart slugs
  An orc (D:3)
  5 bats
  8 endoplasms
  2 giant cockroaches
  3 goblins
  4 hobgoblins
  3 jackals (D:1)
  A kobold (D:1)
  A quokka (D:3)
  4 ball pythons (D:2)
  A frilled lizard (D:1)
  5 rats
50 creatures vanquished.

Notes
Turn   | Place    | Note
-------+----------+-------------------------------------------
     0 | D:1      | ytrimaz the Octopode Transmuter began the quest for the
                  | Orb.
     0 | D:1      | Reached XP level 1. HP: 13/13 MP: 3/3
   276 | D:1      | Found a faded altar of an unknown god.
   342 | D:1      | Reached XP level 2. HP: 16/18 MP: 3/5
   927 | D:1      | Learned a level 2 spell: Wereblood
  1740 | D:2      | Reached XP level 3. HP: 21/23 MP: 0/6
  1744 | D:2      | Learned a level 3 spell: Spider Form
  2073 | D:2      | Found a glowing golden altar of the Shining One.
  2508 | D:2      | Reached XP level 4. HP: 23/28 MP: 7/7
  3234 | D:3      | Reached XP level 5. HP: 27/34 MP: 4/9
  3924 | D:3      | Noticed Grinder
  3925 | D:3      | Paralysed by Grinder for 7 turns
  4205 | D:3      | Paralysed by Grinder for 6 turns
  4227 | D:3      | Paralysed by Grinder for 6 turns
  4228 | D:3      | Slain by Grinder

Illustrated notes

Levels and vault maps discovered:
D:1:      kennysheep_arrival_seaside, layout_basic,
          shapermc_ecumenical_altar_totnotflames, kennysheep_nondescript
D:2:      layout_basic, basic_altar
D:3:      layout_basic, serial_glass, glass_columns_a, glass_columns_a,
          uniq_grinder, uniq_crazy_yiuf_cottage

Skill      XL: |  1  2  3  4 |
---------------+-------------+-----
Fighting       | 2 |  2.2
Dodging        | |  2.9
Unarmed Combat | |  3.8
Spellcasting   | |  2.7
Transmutations | |  2.9
Poison Magic   | |  0.2

Action                   |  1- 3 |  4- 6 || total
-------------------------+-------+-------++-------
Melee: Unarmed           |    87 |    53 ||   140
       Constrict         |    20 |    12 ||    32
       Kick              |    17 |     4 ||    21
       Tentacles         |    10 |     5 ||    15
       Punch             |     3 |       ||     3
 Cast: Beastly Appendage |    16 |     9 ||    25
       Wereblood         |     1 |     1 ||     2
       Spider Form       |     1 |     4 ||     5
  Use: Scroll            |     3 |     9 ||    12
       Potion            |       |     2 ||     2
 Stab: Sleeping          |     3 |     2 ||     5
Armor: Skin              |    13 |     5 ||    18
Dodge: Dodged            |    71 |    30 ||   101

Table legend: (Time is in decaauts)
 A = Elapsed time spent in this place.
 B = Non-inter-level travel time spent in this place.
 C = Inter-level travel time spent in this place.
 D = Time resting spent in this place.
 E = Time spent auto-exploring this place.
 F = Levels seen in this place.
 G = Mean time per level.
                   A        B        C        D        E       F      G
               +--------+--------+--------+--------+--------+-----+--------+
         Total |   4216 |   4165 |     51 |    591 |   3047 |   3 | 1405.3 |
       Dungeon |   4216 |   4165 |     51 |    591 |   3047 |   3 | 1405.3 |
               +--------+--------+--------+--------+--------+-----+--------+

Top non-repeatable levels by time:
     D:1: 1729 daAuts
     D:2: 1270 daAuts
     D:3: 1216 daAuts
